[Event "Early-Titled-Tuesday-Blitz-May-14-2024"]
[Site "Chess.com"]
[Date "2024.05.14"]
[Round "9"]
[White "zajka-molotok"]
[Black "Meri-Arabidze"]
[Result "0-1"]
[WhiteElo "2558"]
[BlackElo "2715"]
[TimeControl "180+1"]
[EndTime "9:47:30 PDT"]
[Termination "Meri-Arabidze won by resignation"]

1. e4 c5 2. Nf3 e6 3. g3 Nc6 4. Bg2 Nf6 5. d3 d5 6. Qe2 Be7 7. O-O O-O 8. e5 Ne8 9. c4 Nc7 10. Nc3 b6 11. Bf4 Bb7 12. h4 Rb8 13. h5 Nd4 14.
Nxd4 cxd4 15. Nb5 dxc4 16. Nxa7 Bxg2 17. Kxg2 Qd5+ 18. Qf3 cxd3 19. Nc6 Rbe8 20. Rfd1 f6 21. Nxe7+ Rxe7 22. Rxd3 Qxf3+ 23. Rxf3 Nd5 24. exf6 Rxf6 25. Be5 Rxf3 26. Kxf3 Rf7+ 27. Ke4 Rxf2 28. Bxd4 Rh2 29. Ke5 Kf7 30. Rf1+ Ke7 31. Ke4 Rxh5 32. Bxg7 Rh2 33. Bd4 Re2+ 34. Kd3 Rg2 35. Rh1 Rxg3+ 36. Kc4 Kd6 37.
Rxh7 Rg4 38. Kd3 Nb4+ 39. Kc4 Nxa2 40. Rh6 b5+ 41. Kd3 Nb4+ 42. Kc3 Nd5+ 43. Kd3 Nf4+ 44. Ke3 Nd5+ 45. Kd3 Rg3+ 46. Kd2 b4 47. Bh8 b3 48.
Rh5 Rg2+ 49. Kd3 Nf4+ 50. Kc4 Nxh5 0-1

[Event "Early-Titled-Tuesday-Blitz-May-14-2024"]
[Site "Chess.com"]
[Date "2024.05.14"]
[Round "9"]
[White "manmanlai1"]
[Black "Azalea95"]
[Result "1-0"]
[WhiteElo "2586"]
[BlackElo "2409"]
[TimeControl "180+1"]
[EndTime "9:47:31 PDT"]
[Termination "manmanlai1 won on time"]

1. e4 e6 2. d4 d5 3. Nc3 Nf6 4. e5 Nfd7 5. Nce2 c5 6. c3 Nc6 7. f4 Be7 8. Nf3 O-O 9. Be3 f6 10. Qd2 a6 11. g3 b5 12. Bh3 f5 13. O-O b4 14. Kh1 Bb7 15. g4 g6 16. Rg1 Nb6 17. b3 bxc3 18. Nxc3 cxd4 19. Nxd4 Nxd4 20. Bxd4 Rc8 21. gxf5 exf5 22. Bg2 Bb4 23. Qd3 Bxc3 24.
Bxc3 Qc7 25. Bd4 Rfd8 26. e6 Qd6 27. Qe3 Rc6 28. Rae1 Re8 29. e7 Nc8 30. Be5 Qd7 31. Ba1 d4 32. Qxd4 Qxd4 33. Bxd4 Rxe7 34. b4 Rcc7 35.
Rxe7 Nxe7 36. Re1 Bxg2+ 37. Kxg2 Nd5 38. Be5 Rc2+ 39. Kg1 Nxb4 40. Rb1 Nd3 41. Rb8+ Kf7 42. Rb7+ Ke6 43. Bb8 Rb2 44. Rxb2 Nxb2 45. Kf2 Kd5 46. Kg3 Ke4 47. Kh4 h6 48. Kg3 Nd3 49. Bd6 a5 50. Bf8 1-0

[Event "Early-Titled-Tuesday-Blitz-May-14-2024"]
[Site "Chess.com"]
[Date "2024.05.14"]
[Round "9"]
[White "alvarorodriguezavila"]
[Black "A4RookA3"]
[Result "1-0"]
[WhiteElo "2321"]
[BlackElo "2412"]
[TimeControl "180+1"]
[EndTime "9:47:31 PDT"]
[Termination "alvarorodriguezavila won by checkmate"]

1. e4 c6 2. Nc3 d5 3. Nf3 Bg4 4. h3 Bxf3 5. Qxf3 e6 6. g3 Nd7 7. Bg2 d4 8. Nd1 Ne5 9. Qb3 d3 10. O-O Bc5 11. Ne3 Bb6 12. f4 Bxe3+ 13. dxe3 d2 14.
fxe5 dxc1=Q 15. Raxc1 Qb6 16. Qa3 Ne7 17. h4 c5 18.
Rcd1 O-O 19. Rd6 Qc7 20. Rfd1 Rfd8 21. Rxd8+ Rxd8 22. Rxd8+ Qxd8 23. Qxc5 Nc6 24. Bf1 g6 25. b4 a6 26. a4 Qb8 27. Qd6 Qc8 28. b5 axb5 29.
axb5 Na5 30. Qd4 Qc7 31. Bd3 b6 32. Qd6 Qxd6 33. exd6 Nb7 34. e5 Kf8 35. Kf2 Nc5 36.
Kf3 Ke8 37. Kf4 Nd7 38. Be4 f6 39. Bc6 fxe5+ 40. Ke4 Kd8 41. Bxd7 Kxd7 42. Kxe5 h6 43. g4 g5 44. h5 Kd8 45. Kxe6 Ke8 46. e4 Kd8 47. d7 Kc7 48. Ke7 Kb7 49. d8=Q Ka7 50. Qc7+ Ka8 51. Qc3 Kb8 52. Kd7 Kb7 53. e5 Ka8 54. e6 Kb8 55. e7 Ka7 56. Qc7+ Ka8 57. e8=Q# 1-0

[Event "Early-Titled-Tuesday-Blitz-May-14-2024"]
[Site "Chess.com"]
[Date "2024.05.14"]
[Round "9"]
[White "mfschulz"]
[Black "AnaKuchava"]
[Result "1-0"]
[WhiteElo "2314"]
[BlackElo "2191"]
[TimeControl "180+1"]
[EndTime "9:47:31 PDT"]
[Termination "mfschulz won by resignation"]

1. d4 d5 2. Bg5 h6 3. Bh4 g5 4. Bg3 Bg7 5. e3 c5 6. Nc3 Qa5 7. Nf3 cxd4 8. exd4 Nc6 9. Bb5 Bg4 10. O-O Nf6 11.
h3 Bh5 12. Qd3 O-O 13. Bxc6 bxc6 14. Ne5 Rac8 15. a3 c5 16. dxc5 Qxc5 17. Rae1 Rfd8 18.
Kh2 e6 19. f4 g4 20. f5 d4 21.
Ne4 Nxe4 22. Qxe4 gxh3 23. fxe6 fxe6 24. Rg1 Qxc2 25. Qh4 Qf5 26. Ref1 Qg5 27. Qxh3 Re8 28. Nf3 Bxf3 29. Rxf3 Rc2 30. Re1 Qg6 31. b4 d3 32. Rd1 d2 33. Bf4 Rd8 34. Rg3 Qf5 35. Bxh6 Qxh3+ 36. Kxh3 Rd7 37. a4 Rc1 38. Rxd2 Rxd2 39.
Bxd2 Rc4 40. Bh6 Rc7 41. Bxg7 Rxg7 42. Rxg7+ Kxg7 43. Kg4 Kf6 44. Kf4 e5+ 45. Ke4 Ke6 46.
b5 Kd6 47. g4 Ke6 48. g5 1-0

[Event "Early-Titled-Tuesday-Blitz-May-14-2024"]
[Site "Chess.com"]
[Date "2024.05.14"]
[Round "9"]
[White "Nouali_Mohamed"]
[Black "vladislavkovalev"]
[Result "1-0"]
[WhiteElo "2615"]
[BlackElo "2850"]
[TimeControl "180+1"]
[EndTime "9:47:32 PDT"]
[Termination "Nouali_Mohamed won by checkmate"]

1. e4 e5 2. Bc4 Nf6 3. Nc3 Nc6 4. d3 Bb4 5. Ne2 d6 6. O-O Bxc3 7. Nxc3 Be6 8. Bb5 O-O 9. Bxc6 bxc6 10. f4 exf4 11. Bxf4 Nd7 12. Qh5 Qe8 13. Qh4 f6 14. Be3 c5 15.
Rae1 Ne5 16. b3 a5 17. a4 Rb8 18. Ne2 Kh8 19. h3 Bxb3 20. cxb3 Rxb3 21. Nc1 Rb4 22.
Rf5 Ng6 23. Qf2 Qxa4 24. Rh5 Kg8 25. Qf5 Qe8 26. Bd2 Rb5 27. Bc3 Qf7 28. Ne2 Rfb8 29. Nf4 Nxf4 30. Rxh7 Kf8 31. Rh8+ Ke7 32. Rxb8 Nxh3+ 33.
gxh3 Rxb8 34. Ra1 a4 35. Rxa4 Rb1+ 36. Kh2 Qb3 37. Ra7 Qc2+ 38. Kg3 Rg1+ 39. Kh4 Kd8 40. Ra8+ Ke7 41. Rc8 Kf7 42. Qd7+ Kg6 43. Qf5+ Kf7 44. Qd7+ Kg6 45. Qe8+ Kh7 46. Qh5# 1-0

[Event "Early-Titled-Tuesday-Blitz-May-14-2024"]
[Site "Chess.com"]
[Date "2024.05.14"]
[Round "9"]
[White "Mbneu"]
[Black "Chernov_Mikhail"]
[Result "1-0"]
[WhiteElo "2238"]
[BlackElo "2328"]
[TimeControl "180+1"]
[EndTime "9:47:32 PDT"]
[Termination "Mbneu won by checkmate"]

1. d4 Nf6 2. c4 e5 3. Nf3 exd4 4. Nxd4 Bc5 5. Nb3 Bb4+ 6. Bd2 Bxd2+ 7. N1xd2 d5 8. e3 Bg4 9. Be2 Bxe2 10. Qxe2 dxc4 11.
Nxc4 O-O 12. O-O Qe7 13. Nd4 c6 14. Rfd1 Nbd7 15. Nf5 Qe6 16. Qc2 Ne5 17. Na5 g6 18. Nd6 Rab8 19. Naxb7 Nd5 20. e4 Nb4 21. Qb3 Nbd3 22.
Rxd3 Nxd3 23. Qxd3 f5 24. Nc5 Qe7 25. exf5 gxf5 26.
h3 Rxb2 27. Qc4+ Kh8 28. Qc3+ Qg7 29. Qxg7+ Kxg7 30. Ne6+ Kg8 31. Nxf8 Kxf8 32. a4 f4 33. f3 Ke7 34. Ne4 a5 35. Rc1 Rb4 36. Rxc6 Rxa4 37. Rh6 Ra1+ 38. Kh2 a4 39. Rxh7+ Ke6 40. Ra7 a3 41. h4 a2 42. h5 Kf5 43. h6 Rb1 44. Rxa2 Rb6 45. Ra5+ Kg6 46. Rd5 Kxh6 47. Rd6+ Kh5 48.
Rxb6 Kh4 49. Rh6# 1-0

[Event "Early-Titled-Tuesday-Blitz-May-14-2024"]
[Site "Chess.com"]
[Date "2024.05.14"]
[Round "9"]
[White "DerKnipser"]
[Black "Arteler"]
[Result "1-0"]
[WhiteElo "2351"]
[BlackElo "2221"]
[TimeControl "180+1"]
[EndTime "9:47:33 PDT"]
[Termination "DerKnipser won by checkmate"]

1. e4 e5 2. Nc3 d6 3. f4 Nf6 4. Nf3 Nc6 5. d4 exd4 6. Nxd4 Be7 7. Nxc6 bxc6 8. Be2 O-O 9. O-O d5 10. e5 Nd7 11.
Kh1 Bb7 12. Be3 Bc5 13. Bxc5 Nxc5 14. b4 Ne4 15. Nxe4 dxe4 16. Bc4 Qe7 17. c3 Rad8 18. Qe2 c5 19. a3 Rfe8 20. Rad1 cxb4 21. axb4 Rxd1 22. Rxd1 Rd8 23. Kg1 h6 24. Qh5 Rxd1+ 25. Qxd1 a5 26. bxa5 Qc5+ 27. Qd4 Qxa5 28. Kf2 c5 29.
Qe3 Bc6 30. g4 Kf8 31. f5 Qb6 32. Kg3 Kg8 33. h4 Kf8 34. g5 hxg5 35. hxg5 Kg8 36. g6 Be8 37. gxf7+ Bxf7 38. e6 Be8 39. Qxe4 Qc7+ 40.
Qf4 Qxf4+ 41. Kxf4 Kf8 42. Ke5 Ke7 43. Bd5 Bb5 44. Bf3 Bc4 45. Bd5 Bb5 46. Ba2 Bc6 47.
Bb1 Bb5 48. Kd5 Be2 49. Kxc5 Kf6 50. Kd6 Bb5 51. e7 Be8 52. Bd3 Kf7 53. c4 Kf6 54.
c5 Kf7 55. Be4 g6 56. fxg6+ Kf6 57. c6 Bxg6 58. Bxg6 Kg5 59. e8=Q Kh4 60. Qg8 Kh3 61. Bf5+ Kh4 62. Qg4# 1-0

[Event "Early-Titled-Tuesday-Blitz-May-14-2024"]
[Site "Chess.com"]
[Date "2024.05.14"]
[Round "9"]
[White "DishonorOnYourCow"]
[Black "Alphafischer2019"]
[Result "0-1"]
[WhiteElo "2530"]
[BlackElo "2657"]
[TimeControl "180+1"]
[EndTime "9:47:35 PDT"]
[Termination "Alphafischer2019 won by resignation"]

1. d4 Nf6 2. c4 b6 3. Nc3 Bb7 4. Nf3 e6 5. g3 Bb4 6. Bg2 O-O 7. O-O Bxc3 8. bxc3 d6 9. Re1 Nc6 10. e4 e5 11. c5 bxc5 12. dxe5 dxe5 13. Ba3 Qxd1 14.
Raxd1 Rfd8 15. Rxd8+ Rxd8 16. Bxc5 Rd3 17. Rb1 Rxc3 18.
Bxa7 Ba6 19. Be3 h6 20. Nd2 Ng4 21. Bf1 Bxf1 22. Nxf1 Nxe3 23. Nxe3 Nd4 24. Ra1 Ra3 25. Nc4 Ra4 26. Nxe5 Ne2+ 27. Kf1 Nc3 28. Rc1 Nb5 29. Rc5 Nd6 30. Rxc7 Rxa2 31. f3 Rxh2 32. Rd7 Nb5 33. Nxf7 Nc3 34. Nd6 Rh1+ 35. Kg2 Rd1 36. Rd8+ Kh7 37.
Nf7 Ra1 38. Rc8 Ra2+ 39. Kh3 Nd1 40. g4 Nf2+ 41. Kg3 Nh1+ 42. Kf4 Nf2 43. Rc7 Nd3+ 44. Ke3 Ra3 45. Kd4 Nf4 46. Kc5 Ne6+ 47. Kd5 Nxc7+ 0-1

[Event "Early-Titled-Tuesday-Blitz-May-14-2024"]
[Site "Chess.com"]
[Date "2024.05.14"]
[Round "9"]
[White "Guldona_2007"]
[Black "Nikita_Klepikov"]
[Result "0-1"]
[WhiteElo "2191"]
[BlackElo "2308"]
[TimeControl "180+1"]
[EndTime "9:47:35 PDT"]
[Termination "Nikita_Klepikov won by resignation"]

1. e4 c5 2. Nf3 Nc6 3. d4 cxd4 4. Nxd4 g6 5. Nc3 Bg7 6. Nde2 Nf6 7. g3 d6 8. Bg2 O-O 9. O-O a6 10. h3 Rb8 11. a4 b5 12. axb5 axb5 13. Be3 b4 14. Nd5 Nxd5 15. exd5 Ne5 16. b3 Bf5 17. Nd4 Bd7 18.
Ra2 Bb5 19. Nxb5 Rxb5 20. Bd4 Re8 21. f4 Nd7 22. Bxg7 Kxg7 23. Qd4+ Nf6 24. Rfa1 Qc8 25. Kh2 Qc5 26. Rd1 Rc8 27. Qxc5 Rcxc5 28. Re1 Rb7 29. Rd1 Rbb5 30. Re1 Nxd5 31. Bxd5 Rxd5 32. Rxe7 Rd2+ 33. Kg1 Kf6 34. Rc7 Kf5 35. Rxf7+ Ke4 36. Rxh7 Kf3 37. Rg7 Rbd5 38. Ra1 Rg2+ 39. Kh1 Rf2 40.
Kg1 Rdd2 41. Rf1 Rxf1+ 0-1

[Event "Early-Titled-Tuesday-Blitz-May-14-2024"]
[Site "Chess.com"]
[Date "2024.05.14"]
[Round "9"]
[White "Evan_Attaker"]
[Black "VerdeNotte"]
[Result "1-0"]
[WhiteElo "2661"]
[BlackElo "2838"]
[TimeControl "180+1"]
[EndTime "9:47:36 PDT"]
[Termination "Evan_Attaker won by checkmate"]

1. Nf3 g6 2. c4 Bg7 3. g3 e5 4. Nc3 d6 5. Bg2 c5 6. O-O Nc6 7. a3 Nge7 8. Rb1 a5 9. Ne1 h5 10.
Nc2 h4 11. b4 axb4 12. axb4 hxg3 13. fxg3 Bh3 14. bxc5 Bxg2 15. Kxg2 Qd7 16. Rf2 dxc5 17. Ne3 Nd4 18. Ncd5 Nxd5 19. Nxd5 e4 20. d3 Ra2 21. h4 Nf5 22. Bg5 exd3 23. Qxd3 Nd4 24. Qe4+ Ne6 25. Rxb7 Qxb7 26. Nf6+ Bxf6 27. Qxb7 Bxg5 28. Qxf7+ Kd8 29. Qxe6 Be7 30. Qxg6 Rf8 31. Rxf8+ Bxf8 32. Qe6 Rd2 33. h5 Rd6 34. Qf5 Ke8 35. Qxc5 Re6 36. Qb5+ Kf7 37. Qf5+ Rf6 38. Qd5+ Re6 39. e4 Kf6 40. Kf3 Bd6 41. c5 Be5 42. g4 Re7 43. c6 Rf7 44. Qxf7+ Kxf7 45. g5 Ke6 46. Kg4 Bh8 47. h6 Kf7 48. c7 Bg7 49. c8=Q Kg6 50. Qf5# 1-0

[Event "Early-Titled-Tuesday-Blitz-May-14-2024"]
[Site "Chess.com"]
[Date "2024.05.14"]
[Round "9"]
[White "invisible_s0ul"]
[Black "secrethawk1"]
[Result "1-0"]
[WhiteElo "2337"]
[BlackElo "2422"]
[TimeControl "180+1"]
[EndTime "9:47:38 PDT"]
[Termination "invisible_s0ul won by checkmate"]

1. e4 c5 2. Ne2 e6 3. d4 cxd4 4. Nxd4 a6 5. Bd3 Bc5 6. Nb3 Ba7 7. c4 Nc6 8. Nc3 Nf6 9. O-O O-O 10. Qe2 d5 11. cxd5 exd5 12. e5 Re8 13. Bf4 Bb8 14. Rfe1 Bxe5 15. Qd2 Bg4 16. f3 Bh5 17. Rad1 Qb6+ 18.
Kh1 Rad8 19. Bb1 d4 20. Ne4 Nxe4 21. Bxe4 Bf6 22. Qf2 Bg6 23. Qg3 Qb4 24. Bd2 Qf8 25. h4 Bxe4 26. fxe4 d3 27. Bg5 Ne5 28. Bxf6 Ng6 29.
Bxd8 Rxd8 30. Rxd3 Re8 31. h5 Ne5 32. Rd5 Qe7 33.
Nd4 Qf6 34. Nf5 g6 35. Rd6 Qh8 36. Ne7+ Kf8 37. Nd5 Qg7 38. Nf6 Rc8 39. Qxe5 Qh6 40. Nd7+ Kg8 41. Nf6+ Kf8 42. Rd7 Re8 43. Qd6+ Kg7 44.
Nxe8+ Kg8 45. Qe5 Qg5 46. Qxg5 Kf8 47. Qh6+ Kxe8 48. Red1 f5 49. Qg7 f4 50. Qe7# 1-0

[Event "Early-Titled-Tuesday-Blitz-May-14-2024"]
[Site "Chess.com"]
[Date "2024.05.14"]
[Round "9"]
[White "MaxLeto"]
[Black "ChEsper99"]
[Result "1-0"]
[WhiteElo "2402"]
[BlackElo "2260"]
[TimeControl "180+1"]
[EndTime "9:47:38 PDT"]
[Termination "MaxLeto won on time"]

1. g4 d5 2. Bg2 Bxg4 3. c4 c6 4.
Qb3 e6 5. cxd5 cxd5 6. Qa4+ Nc6 7.
Qxg4 Nf6 8. Qa4 Bd6 9. Nf3 O-O 10. d4 Rc8 11. Nc3 a6 12. Bg5 h6 13. Bh4 Be7 14.
O-O Na5 15. Rac1 b5 16. Qd1 Nc4 17. b3 Nd6 18. Ne5 Nf5 19. Bxf6 Bxf6 20. Nf3 Qa5 21.
Qd2 b4 22. Na4 Nd6 23. Rxc8 Rxc8 24. Rc1 Rxc1+ 25. Qxc1 Nb5 26. Qc8+ Kh7 27. Qc5 g5 28. e3 g4 29. Ne1 h5 30. Nd3 h4 31. Qxb4 Qc7 32. Qc5 Qb8 33. Nf4 h3 34. Bf1 Bg5 35. Ne2 Nd6 36. Ng3 Bh4 37. Bd3+ Kg7 38. Qc6 Bxg3 39. hxg3 Nf5 40. Bxf5 exf5 41. Qxd5 Kg6 42. Nc5 Qb5 43. Qc4 Qc6 44. d5 Qd6 45. Nd3 Kg7 46.
Nf4 Qf6 47. Qd4 Qxd4 48. exd4 1-0

[Event "Early-Titled-Tuesday-Blitz-May-14-2024"]
[Site "Chess.com"]
[Date "2024.05.14"]
[Round "9"]
[White "TigrVShlyape"]
[Black "maciek_92"]
[Result "1/2-1/2"]
[WhiteElo "2947"]
[BlackElo "2836"]
[TimeControl "180+1"]
[EndTime "9:47:39 PDT"]
[Termination "Game drawn by repetition"]

1. e4 c5 2. Nf3 e6 3. d4 cxd4 4. Nxd4 Nc6 5. Nb5 d6 6. c4 Nf6 7. N1c3 a6 8. Nd4 Bd7 9. Be2 Be7 10. O-O O-O 11. Be3 Rc8 12. Rc1 Nxd4 13. Qxd4 Qa5 14.
Rfd1 e5 15. Qd2 Qc7 16. f3 Be6 17. b3 Qb8 18. Kh1 h6 19. a4 Rfd8 20. a5 Nh7 21. Na4 Bg5 22. Nb6 Rc6 23. Rc3 f6 24. b4 Bxe3 25.
Rxe3 Ng5 26. c5 Nf7 27. Rd3 g5 28. Nd5 Bxd5 29. exd5 Rc7 30. Rc3 Qc8 31. Qc2 Kg7 32. Bd3 dxc5 33. Bf5 Qb8 34. bxc5 Re7 35. d6 Ree8 36.
Rb1 Qa7 37. Rb6 Rb8 38. Qb3 Nd8 39. Qa4 Rf8 40. Qg4 Rf7 41. Qh5 Nc6 42. Qg6+ Kf8 43. Qxh6+ Ke8 44. Bg6 Nd8 45. Bxf7+ Kxf7 46. d7 Nc6 47.
Rxc6 bxc6 48. Qh7+ Ke6 49. Qh3+ Ke7 50. Qh7+ Ke6 51. Qh3+ Ke7 52. Qh7+ Ke6 1/2-1/2

[Event "Early-Titled-Tuesday-Blitz-May-14-2024"]
[Site "Chess.com"]
[Date "2024.05.14"]
[Round "9"]
[White "ulises2013"]
[Black "KnightDuta"]
[Result "1-0"]
[WhiteElo "2913"]
[BlackElo "2740"]
[TimeControl "180+1"]
[EndTime "9:47:39 PDT"]
[Termination "ulises2013 won by resignation"]

1. e4 c5 2. g3 Nc6 3. Bg2 g6 4. Ne2 Bg7 5. O-O e6 6. c3 Nge7 7. d4 cxd4 8. cxd4 d5 9. Nbc3 dxe4 10. Nxe4 h6 11. Be3 O-O 12. Rc1 Nd5 13. Nc5 Kh7 14. Qb3 Nce7 15. Nxb7 Bxb7 16. Qxb7 Rb8 17. Qxa7 Rxb2 18. Nc3 Qa8 19. Qxa8 Rxa8 20. Nxd5 Nxd5 21.
Bxd5 exd5 22. Rc5 Rd8 23. Ra1 Rb4 24. a4 Rxd4 25. Bxd4 Bxd4 26. Rcc1 Bxa1 27. Rxa1 Kg7 28. Kf1 Kf6 29. Ke2 Ke5 30. Kd3 Rb8 31. a5 Rb3+ 32. Kc2 Rb7 33. a6 Ra7 34. Kd3 g5 35. h3 h5 36. Ra4 Ke6 37. Kd4 Kd6 38. Ra5 Ke6 39. f3 f6 40. g4 h4 41. Ra1 Kd6 42. Ra2 Kc6 43. Ra1 Kd6 44. Ra4 Kc6 45. Ra5 Kb6 46. Rxd5 Kxa6 47. Rd6+ Kb5 48. Rxf6 Ra1 49. Rf5+ Kc6 50.
Rxg5 Rh1 51. Rh5 Rxh3 52. f4 Kd6 53. Rh6+ Ke7 54. Ke5 Kf7 55. Kf5 Kg7 56. g5 Rh1 57. Kg4 Rg1+ 58. Kxh4 Rh1+ 59. Kg4 Rg1+ 60. Kf5 Rb1 61.
Re6 Rb5+ 62. Re5 Rb7 63. Rd5 Rc7 64. Kg4 Rb7 65. Kh5 Rc7 66. f5 Rb7 67. Re5 Kf7 68.
f6 Rb8 69. Re7+ Kg8 70. Kg6 Rd8 71. Rg7+ Kf8 72. Rh7 Kg8 73. f7+ Kf8 74. Rh8+ Ke7 75. Rxd8 Kxd8 76. f8=Q+ Kd7 77. Qf2 Ke6 1-0

[Event "Early-Titled-Tuesday-Blitz-May-14-2024"]
[Site "Chess.com"]
[Date "2024.05.14"]
[Round "9"]
[White "only_strong_moves"]
[Black "valik3504"]
[Result "0-1"]
[WhiteElo "2698"]
[BlackElo "2573"]
[TimeControl "180+1"]
[EndTime "9:47:41 PDT"]
[Termination "valik3504 won on time"]

1. d4 Nf6 2. c4 c5 3. d5 g6 4. Nc3 Bg7 5. Nf3 O-O 6. e4 d6 7. Be2 Bg4 8. Nd2 Bxe2 9. Qxe2 Nfd7 10. Nd1 Na6 11. O-O Nc7 12. a4 b6 13. f4 a6 14. Nf3 b5 15. Bd2 Nb6 16. axb5 axb5 17. Rxa8 Qxa8 18. cxb5 Qa4 19. Bc3 Qxb5 20. Qc2 Qa4 21.
b3 Qa3 22. Bxg7 Kxg7 23. f5 Nb5 24. Nc3 Nc7 25. Rd1 f6 26. fxg6 hxg6 27. Nh4 Nd7 28. Nf3 Rb8 29. Rb1 Nb5 30. Ne2 Qb4 31. Nf4 Na3 32. Ne6+ Kf7 33. Qc1 Nxb1 34. Qh6 Ne5 35. Nxe5+ dxe5 36. Qg7+ Ke8 37. h3 Kd7 38. Qxg6 Qe1+ 39.
Kh2 Qe3 40. Qf5 Kd6 41. Qg6 Nd2 42. Ng7 Qf4+ 43. Kh1 Qf1+ 44. Kh2 Qf4+ 45. Kh1 Qf1+ 46. Kh2 Rxb3 47. Nf5+ Kd7 48. Ng3 Nf3+ 49. gxf3 Rb2+ 0-1

[Event "Early-Titled-Tuesday-Blitz-May-14-2024"]
[Site "Chess.com"]
[Date "2024.05.14"]
[Round "9"]
[White "MiguelBestard1981"]
[Black "Slovineanu"]
[Result "1-0"]
[WhiteElo "2349"]
[BlackElo "2472"]
[TimeControl "180+1"]
[EndTime "9:47:43 PDT"]
[Termination "MiguelBestard1981 won by checkmate"]

1. d4 Nf6 2. Bf4 d5 3. e3 e6 4. Nd2 c5 5. c3 Bd6 6. Bxd6 Qxd6 7. Bd3 Nc6 8. f4 b6 9. Ngf3 Bb7 10. Ne5 O-O 11.
O-O Ne7 12. Ndf3 Ne4 13. Qe1 Rac8 14. Qh4 Nf5 15. Qh3 f6 16. Ng4 Rc7 17. Rae1 b5 18. Nf2 b4 19. g4 Ne7 20. g5 f5 21. Ne5 bxc3 22. bxc3 Nxc3 23. Nfg4 Ne4 24. Nh6+ gxh6 25. Qxh6 Ng6 26. Nxg6 hxg6 27. Qxg6+ Rg7 28. Qh6 cxd4 29. exd4 Qb6 30. Rf3 Qxd4+ 31. Kg2 Qb6 32. Rh3 Kf7 33. Qh5+ Ke7 34. Rb1 Qc6 35. Qh6 Rgf7 36. g6 Nc3 37.
Rxb7+ Qxb7 38. gxf7 d4+ 39. Kg3 Rxf7 40. Qg5+ Kd6 41.
Qd8+ Rd7 42. Qf8+ Kd5 43. Qa3 Ne4+ 44. Bxe4+ Kxe4 45. Qf3# 1-0

[Event "Early-Titled-Tuesday-Blitz-May-14-2024"]
[Site "Chess.com"]
[Date "2024.05.14"]
[Round "9"]
[White "ImportedItalianMaple"]
[Black "urano56"]
[Result "1-0"]
[WhiteElo "2593"]
[BlackElo "2431"]
[TimeControl "180+1"]
[EndTime "9:47:44 PDT"]
[Termination "ImportedItalianMaple won by resignation"]

1. e4 c5 2. Nf3 d6 3. Bc4 Nf6 4. d3 Nc6 5. c3 e6 6. Bb3 Be7 7.
O-O O-O 8. Re1 e5 9. h3 Rb8 10. a4 a6 11. d4 Qc7 12. Nbd2 b5 13. axb5 axb5 14. Nf1 c4 15. Bc2 b4 16. Ng3 g6 17.
Qe2 b3 18. Bb1 Nd8 19. Ra4 exd4 20. Rxc4 Qb6 21. Rb4 Qa7 22. Rxb8 Qxb8 23. cxd4 Nc6 24. Bf4 Qb6 25. Be3 Ba6 26. Qd2 Qb7 27. d5 Ne5 28. Nxe5 dxe5 29. d6 Rd8 30. Bc5 Bf8 31. Rd1 Ne8 32.
Qd5 Nxd6 33. Qxe5 Nc4 34. Rxd8 Nxe5 35. Bxf8 Nc6 36. Re8 Qd7 37. Ra8 Bb7 38. Ra3 Kxf8 39. Rxb3 Nd4 40. Rd3 Nb5 41. Rxd7 Bc6 42. Rd8+ Ke7 43.
Rb8 Bd7 44. f3 Nd4 45. Rb6 Kd8 46. Kf2 Kc7 47. Rb4 Nc6 48. Rc4 Kb7 49. Rc3 Na5 50. Ne2 Kb6 51. Nd4 Nc6 52. Nxc6 Bxc6 53. Rxc6+ Kxc6 54. Bd3 Kc5 55. Ke3 Kb4 56. Bc2 1-0

[Event "Early-Titled-Tuesday-Blitz-May-14-2024"]
[Site "Chess.com"]
[Date "2024.05.14"]
[Round "9"]
[White "ketster"]
[Black "kanzaww"]
[Result "1/2-1/2"]
[WhiteElo "2643"]
[BlackElo "2506"]
[TimeControl "180+1"]
[EndTime "9:47:45 PDT"]
[Termination "Game drawn - insufficient material"]

1. d4 Nf6 2. c4 e6 3. Nc3 d5 4. Nf3 Nbd7 5. cxd5 exd5 6. Bf4 Bb4 7. Qb3 c5 8. dxc5 a5 9. e3 Nxc5 10. Bb5+ Bd7 11.
Bxd7+ Qxd7 12. Qc2 Nfe4 13. O-O Bxc3 14. bxc3 Qa4 15.
Qb2 O-O 16. Rfd1 Rfd8 17. Be5 Rac8 18. Bd4 Qc4 19. Ne5 Qa6 20. Rab1 Na4 21. Qxb7 Qxb7 22. Rxb7 Naxc3 23. Ra1 Ne2+ 24. Kf1 Nxd4 25. exd4 f6 26. Nd3 Rc4 27. Nf4 Rc2 28. Ne6 Rxf2+ 29. Kg1 Rc8 30.
Rxg7+ Kh8 31. Rd7 h5 32. Rf1 Rxf1+ 33. Kxf1 Rc1+ 34. Ke2 Rc2+ 35. Ke3 Rxg2 36. Rxd5 Nc3 37. Rxh5+ Kg8 38. Rxa5 Rxh2 39. Kd3 Nxa2 40. Ra8+ Kf7 41.
Nf4 Rf2 42. Ke3 Rh2 43. d5 Nb4 44. Ra7+ Ke8 45. Ke4 Rh1 46. Kf5 Rf1 47. Ke4 Re1+ 48.
Kd4 Rf1 49. Ne6 Rd1+ 50. Ke4 Nxd5 51. Nc7+ Nxc7 52. Rxc7 Rf1 53. Ra7 Kd8 54. Rb7 Ke8 55.
Ra7 Re1+ 56. Kf5 Re7 57. Ra6 Rf7 58. Rxf6 Rxf6+ 59. Kxf6 1/2-1/2

[Event "Early-Titled-Tuesday-Blitz-May-14-2024"]
[Site "Chess.com"]
[Date "2024.05.14"]
[Round "9"]
[White "lucasmito"]
[Black "laboratorio25"]
[Result "1-0"]
[WhiteElo "2719"]
[BlackElo "2540"]
[TimeControl "180+1"]
[EndTime "9:47:45 PDT"]
[Termination "lucasmito won by resignation"]

1. e4 c5 2. Nf3 d6 3. Nc3 Nf6 4. d4 cxd4 5. Nxd4 a6 6. Be3 e6 7. g4 b5 8. g5 Nfd7 9. Rg1 Bb7 10. a3 Nc6 11. f4 Nxd4 12. Qxd4 e5 13. Qd2 exf4 14. Bxf4 Ne5 15. Be2 Be7 16. O-O-O Rc8 17.
h4 Qa5 18. Bxe5 b4 19. Bxg7 bxc3 20. Bxc3 Rxc3 21. Qxc3 Qxc3 22. bxc3 Bxe4 23. Bxa6 Kd7 24. Bd3 Bc6 25. Rgf1 Bd5 26. Bb5+ Bc6 27. Bxc6+ Kxc6 28. Rxf7 Bd8 29. Ra7 Bb6 30. Ra6 Rb8 31. c4 Kc5 32.
Rd5+ Kxc4 33. Rxd6 Bc5 34. Rac6 Kb5 35. Rxc5+ Kxc5 36. Rd7 h6 37. gxh6 Rb6 38. h7 Rh6 39. Rg7 Rxh4 40. a4 Rh3 41. Kb2 Kb4 42. Rb7+ Kxa4 43.
c4 Ka5 44. c5 Ka6 45. c6 Rh6 46. Kb3 Rh4 47. Rg7 Kb6 48. c7 Rh3+ 49. Kc4 Kb7 50.
c8=Q+ Kxc8 51. Rg8+ Kd7 52. h8=Q 1-0

[Event "Early-Titled-Tuesday-Blitz-May-14-2024"]
[Site "Chess.com"]
[Date "2024.05.14"]
[Round "9"]
[White "Knightmare1014"]
[Black "SujanaLohani"]
[Result "0-1"]
[WhiteElo "2265"]
[BlackElo "2001"]
[TimeControl "180+1"]
[EndTime "9:47:45 PDT"]
[Termination "SujanaLohani won by checkmate"]

1. e4 c5 2. Nf3 g6 3. d4 cxd4 4. Nxd4 Nc6 5. c4 Nf6 6. Nc3 d6 7. f3 Nxd4 8. Qxd4 Bg7 9. Be3 O-O 10. Qd2 a5 11. b3 a4 12. b4 Be6 13. Be2 Qc7 14. Nb5 Qc8 15. Rc1 a3 16. O-O Ra4 17. Bd1 Ra8 18. Bb3 Bd7 19. Nc3 Re8 20. c5 dxc5 21.
Bxc5 Be6 22. Nd5 Qd7 23. Nxf6+ exf6 24. Qxd7 Bxd7 25. Rfd1 Be6 26. Bxe6 Rxe6 27. Rd7 f5 28.
exf5 Re2 29. Rcd1 h5 30. fxg6 fxg6 31. R1d2 Rae8 32. Rxe2 Rxe2 33. Rxb7 Rxa2 34. Ra7 Ra1+ 35. Kf2 a2 36. b5 Rc1 37. Rxa2 Rxc5 38. Ra8+ Kh7 39.
Rb8 Rc2+ 40. Kf1 Bd4 41. b6 Rf2+ 42. Ke1 Rxg2 43. b7 Rb2 44. Rd8 Bc3+ 45. Kd1 Rxb7 46. Kc2 Bg7 47. Kd3 Rb2 48. h3 Rh2 49. Ke4 Rxh3 50.
f4 Rg3 51. Rd5 h4 52. Rg5 Rxg5 53. fxg5 h3 54. Kf3 Be5 55. Kf2 Kg8 56. Kg1 Kf7 57. Kh1 Ke6 58. Kg1 Kf5 59. Kh1 Kxg5 60. Kg1 Kh4 61.
Kh1 g5 62. Kg1 g4 63. Kh1 g3 64. Kg1 Bd4+ 65. Kh1 g2+ 66. Kh2 g1=Q# 0-1

[Event "Early-Titled-Tuesday-Blitz-May-14-2024"]
[Site "Chess.com"]
[Date "2024.05.14"]
[Round "9"]
[White "AnishOnYoutube"]
[Black "Firouzja2003"]
[Result "1-0"]
[WhiteElo "3036"]
[BlackElo "3179"]
[TimeControl "180+1"]
[EndTime "9:47:46 PDT"]
[Termination "AnishOnYoutube won by resignation"]

1. Nf3 Nf6 2. c4 g6 3. Nc3 d6 4. d4 Bf5 5. e3 Bg7 6. Bd3 Bd7 7. O-O Nc6 8. e4 e5 9. d5 Nb4 10. Be2 a5 11. c5 O-O 12. Be3 Ng4 13. Bg5 f6 14.
Bh4 Nh6 15. a3 Na6 16. c6 bxc6 17. dxc6 Bxc6 18. b4 Nb8 19. Bc4+ Kh8 20. b5 Be8 21. Bd5 Ra7 22. Rc1 Nd7 23. Bc6 g5 24. Bg3 Nc5 25.
Bxe8 Qxe8 26. Qe2 Rb7 27. Rfd1 Qg6 28. Rb1 f5 29. exf5 Nxf5 30. Ne4 Nd4 31. Nxd4 Nxe4 32. Nc6 Nc3 33. Qe1 Nxd1 34. Qxd1 a4 35. h3 Rb6 36. Rb4 h5 37. Ne7 Qf7 38. Nd5 Rb7 39. h4 g4 40.
Qd3 Rfb8 41. Kh2 Rf8 42. Ne3 Kg8 43. Rxa4 Rbb8 44. Rb4 Ra8 45. a4 Rab8 46. Nd5 Rbe8 47. Qe4 Rc8 48. Rc4 Kh8 49. a5 Qf5 50. Qxf5 Rxf5 51.
Ne7 d5 52. Rc6 Rff8 53. Nxc8 Rxc8 54. b6 d4 55. b7 Rb8 56. Rxc7 d3 57. Rc8+ 1-0